 Dungeon Crawl Stone Soup version 0.17-a0-1572-g7a1422d (webtiles) character file.

32 JohnySteed the Chopper (level 3, -4/34 HPs)
             Began as a Deep Dwarf Berserker on July 26, 2015.
             Was a Believer of Trog.
             Slain by Sigmund
             ... wielding a +2 scythe of protection
              (9 damage)
             ... on level 2 of the Dungeon.
             The game lasted 00:03:25 (985 turns).

JohnySteed the Chopper (Deep Dwarf Berserker)        Turns: 985, Time: 00:03:25

Health: -4/34      AC:  3    Str: 21    XL:     3   Next: 8%
Magic:  3/3        EV: 12    Int:  7    God:    Trog [**....]
Gold:   52         SH:  0    Dex: 12    Spells: 0 memorised, 2 levels left

rFire  . . .     SeeInvis .     a - +0 hand axe
rCold  . . .     Clarity  .     h - +0 leather armour
rNeg   . . .     SustAt   .     (no shield)
rPois  .         Gourm    .     (no helmet)
rElec  .         Spirit   .     (no cloak)
rCorr  .         Warding  .     (no gloves)
rMut   .         Stasis   .     (no boots)
MR     .....                    (no amulet)
Stlth  +.........               (no ring)
                                (no ring)

@: exhausted, non-regenerating, slowed, very slow, not resistant to hostile
enchantments, very unstealthy
A: damage resistance, recharge devices, sense surroundings 1, slow healing 3
a: Device Recharging, Burn Spellbooks, Berserk, Trog's Hand, Renounce Religion


You were on level 2 of the Dungeon.
You worshipped Trog.
Trog was pleased with you.
You were very hungry.

You visited 1 branch of the dungeon, and saw 2 of its levels.

You collected 52 gold pieces.

Inventory:

Hand weapons
 a - a +0 hand axe (weapon)
Armour
 h - a +0 leather armour (worn)
Magical devices
 c - a wand of heal wounds (4)
Scrolls
 b - a scroll of blinking {unknown}
 e - 3 scrolls of identify {unknown}
 i - a scroll of amnesia {unknown}
 m - a scroll of teleportation {unknown}
 o - a scroll of immolation {unknown}
 p - 2 scrolls of noise {unknown}
Potions
 f - 2 potions of magic {unknown}
 g - a potion of haste {unknown}
 j - a potion of might {unknown}
 k - a potion of resistance {unknown}
 n - a potion of curing {unknown}
Comestibles
 d - 2 bread rations
 l - a meat ration


   Skills:
 + Level 3.0 Fighting
 + Level 3.8 Axes
 + Level 2.3 Armour
 + Level 2.8 Dodging
 + Level 0.3 Stealth


You had 2 spell levels left.
You didn't know any spells.

Dungeon Overview and Level Annotations

Branches:
Dungeon (2/15)

Altars:

Annotations:
D:2 Sigmund


Innate Abilities, Weirdness & Mutations

You are resistant to damage.
You can recharge devices by infusing magical energy.
You passively map a small area around you.
You do not heal naturally.


Message History

You see here a pink potion.
You hit something but do no damage. Something hits you!
You closely miss something. You miss something. Something hits you!
You closely miss something.
You are too berserk!
Something hits you!
* * * LOW HITPOINT WARNING * * *
You feel a strong urge to attack something.
You see here a pink potion.
You hit something.
You are too berserk!
You hit something. Something hits you.
* * * LOW HITPOINT WARNING * * *
You hit something.
You are no longer berserk.
You are exhausted.
You feel yourself slow down.
You are feeling very hungry.
You slash something! Something hits you!
You die...

#....# ##### . ,,* ,,
#....# #.... ..
,#.######....####....
... #.............##....
....########....#.##....
.@....(####....#.##....
* #...(.......#....... ,
, #.#{#######.####....
#@#...# #.# #.### **
#.!.# #.# #.##. #).##,
#.####.##. #....,
#......... ,##.###
....####.## , .# ##* **
#.# ## * , ,..# #### * *


There were no monsters in sight!

Vanquished Creatures
  A worm (D:2)
  A giant cockroach (D:1)
  4 hobgoblins
  A quokka (D:2)
  A ball python (D:1)
  A bat (D:1)
  A giant gecko (D:2)
  10 giant newts (D:1)
  6 goblins
  3 kobolds
  2 rats (D:1)
31 creatures vanquished.

Notes
Turn   | Place    | Note
--------------------------------------------------------------
     0 | D:1      | JohnySteed the Deep Dwarf Berserker began the quest for the Orb.
     0 | D:1      | Reached XP level 1. HP: 20/20 MP: 1/1
   239 | D:1      | Reached XP level 2. HP: 24/27 MP: 2/2
   844 | D:2      | Acquired Trog's second power
   948 | D:2      | Reached XP level 3. HP: 34/34 MP: 3/3
   965 | D:2      | Noticed Sigmund
   985 | D:2      | Slain by Sigmund

Vault maps used:
D:1:      dpeg_arrival_simpleton_a, minmay_newt_pond
D:2:      nemelex_altar_shiori, uniq_robin, uniq_sigmund

Action                   || total
-------------------------++-------
Melee: Hand axe          ||    93
Invok: Berserk           ||     1
Evoke: Wand              ||     1
 Stab: Sleeping          ||     1
